 Dungeon Crawl Stone Soup version bcrawl-1.36.4 (webtiles) character file.

Game seed: 15647201287359291404

133835 Mrkan the Chopper (level 5, -10/42 HPs)
             Began as a Demonspawn Gladiator on July 24, 2022.
             Was an Initiate of Gozag.
             Mangled by Crazy Yiuf
             ... wielding a +4 quarterstaff of chaos
              (17 damage)
             ... on level 3 of the Dungeon.
             The game lasted 00:04:32 (3150 turns).

Mrkan the Chopper (Demonspawn Gladiator)            Turns: 3150, Time: 00:04:32

Health: -10/42     AC:  3    Str: 15    XL:     5   Next: 42%
Magic:  5/5        EV: 13    Int:  9    God:    Gozag
Gold:   181        SH:  0    Dex: 15    Spells: 4/4 levels left

rFire    . . .     SeeInvis .   a - +0 war axe
rCold    . . .     Gourm    .   (no shield)
rNeg     . . .     Faith    .   b - +0 leather armour
rPois    .         Spirit   .   (helmet restricted)
rElec    .         Reflect  .   (no cloak)
rCorr    .                      (no gloves)
MR       .....                  (no boots)
Stlth    +.........             (no amulet)
HPRegen  0.14/turn              (no ring)
MPRegen  0.09/turn              (no ring)

@: no status effects
A: antennae 2
a: Potion Petition, Call Merchant, Bribe Branch, Renounce Religion


You were on level 3 of the Dungeon.
You worshipped Gozag.
Gozag was aware of your devotion.
You were hungry.

You visited 1 branch of the dungeon, and saw 3 of its levels.

You collected 220 gold pieces.
You paid 39 gold pieces to Gozag.

Inventory:

Hand Weapons
 a - a +0 war axe (weapon)
Missiles
 d - 3 throwing nets {=f}
Armour
 b - a +0 leather armour (worn)
 c - a +0 helmet
 l - a +0 pair of gloves
Jewellery
 f - a +6 ring of strength {unknown}
 k - a cursed -3 ring of dexterity {unknown}
Scrolls
 g - 2 scrolls of fear {unknown}
 i - 5 scrolls of identify
 j - 4 scrolls of teleportation {unknown}
 n - a scroll of remove curse {unknown}
 p - a scroll of fog {unknown}
 q - a scroll of enchant armour {unknown}
Potions
 h - 2 potions of ambrosia {unknown}
 m - a potion of magic {unknown}
 o - a potion of flight {unknown}
Comestibles
 e - 6 rations {!d}


   Skills:
 + Level 4.0 Fighting
 * Level 4.4 Axes
 - Level 1.7 Throwing
 + Level 3.6 Dodging


You had 4 spell levels left.
You didn't know any spells.
Your spell library was empty.

Dungeon Overview and Level Annotations

Branches:
Dungeon (3/12)

Altars:
Gozag
Kikubaaqudgha
Xom

Annotations:
D:3 Crazy Yiuf


Innate Abilities, Weirdness & Mutations

You have a pair of antennae on your head.


Message History

Crazy Yiuf hits you with a +4 quarterstaff of chaos!
Crazy Yiuf freezes you.
You hit Crazy Yiuf.
Crazy Yiuf is moderately wounded.
Crazy Yiuf closely misses you.
You hit Crazy Yiuf.
Crazy Yiuf is heavily wounded.
Crazy Yiuf closely misses you.
You hit Crazy Yiuf.
Crazy Yiuf is severely wounded.
Crazy Yiuf hits you with a +4 quarterstaff of chaos!
You hit Crazy Yiuf but do no damage.
Crazy Yiuf is severely wounded.
Crazy Yiuf hits you with a +4 quarterstaff of chaos!
* * * LOW HITPOINT WARNING * * *
You hit Crazy Yiuf but do no damage.
Crazy Yiuf is severely wounded.
Crazy Yiuf hits you with a +4 quarterstaff of chaos!
You die...
Your body crumbles into a pile of gold.

..###.###.# #.# #.#
.......<#.# #.# #.#
..#..####.# #.# #.#
8.#...# ### ### #.#
.###.## #.# ##.#.##
#.. .#....##♣♣ #####
### .###..#..♣♣
♣♣#..)# ##
#......♣♣♣♣.'@g.#
##...♣P.♣..♣#...#
#######.P.♣.♣♣♣#####
#.....##♣♣♣♣♣
#.##### #.# ..# #.#
###


You could see Crazy Yiuf.

Vanquished Creatures
  A hound (D:3)
  A worker ant (D:3)
  4 adders (D:3)
  2 oozes
  A worm (D:2)
  2 dart slugs (D:1)
  4 leopard geckos
  5 orcs
  5 giant cockroaches
  7 hobgoblins
  9 jackals
  7 kobolds
  5 quokkas (D:3)
  5 bats
  5 frilled lizards
  4 goblins
  8 rats
  3 fungi (D:3)
78 creatures vanquished.

Notes
Turn   | Place    | Note
-------+----------+-------------------------------------------
     0 | D:1      | Mrkan the Demonspawn Gladiator began the quest for the Orb.
     0 | D:1      | Reached XP level 1. HP: 18/18 MP: 1/1
   372 | D:1      | Gained mutation: You have a pair of small antennae on your
                  | head. [demonic ancestry]
   372 | D:1      | Reached XP level 2. HP: 24/24 MP: 2/2
  1205 | D:2      | Reached XP level 3. HP: 24/29 MP: 3/3
  1341 | D:2      | Found a faded altar of an unknown god.
  1693 | D:2      | Found a glowing silver altar of Zin.
  1695 | D:2      | Found a hazy altar of Hepliaklqana.
  1695 | D:2      | Found a white marble altar of Elyvilon.
  1697 | D:2      | Found a radiant altar of Vehumet.
  1697 | D:2      | Found a shimmering altar of Xom.
  1697 | D:2      | Found a shimmering altar of Xom.
  1902 | D:3      | Gained mutation: You have a pair of antennae on your head.
                  | [demonic ancestry]
  1902 | D:3      | Reached XP level 4. HP: 27/36 MP: 4/4
  1936 | D:3      | Reached XP level 5. HP: 5/42 MP: 5/5
  2373 | D:3      | Found an opulent altar of Gozag.
  2382 | D:3      | Became a worshipper of Gozag Ym Sagoz the Greedy
  2838 | D:3      | Found an ancient bone altar of Kikubaaqudgha.
  3138 | D:3      | Found a runed door.
  3142 | D:3      | Noticed Crazy Yiuf
  3150 | D:3      | Mangled by Crazy Yiuf

Skill      XL: |  1  2  3  4  5 |
---------------+----------------+-----
Axes           | 3 4 |  4.4
Dodging        | 3 |  3.6
Fighting       | 4 |  4.0
Throwing       | |  1.7

Action                   |  1- 3 |  4- 6 || total
-------------------------+-------+-------++-------
Melee: War axe           |   134 |   141 ||   275
  Use: Potion            |       |     1 ||     1
  Eat: Chunk             |     7 |     5 ||    12
       Ration            |       |     1 ||     1
Armor: Leather armour    |    53 |    20 ||    73
Dodge: Dodged            |   117 |   112 ||   229
